 Dungeon Crawl Stone Soup version 0.27.1-33-g824d729ab1 (webtiles) character file.

Game seed: 10380992492035960788

3 Grabarz the Skirmisher (level 1, 0/19 HPs)
             Began as a Palentonga Fighter on Dec 8, 2021.
             Slain by a jackal (1 damage)
             ... on level 1 of the Dungeon.
             The game lasted 00:00:58 (58 turns).

Grabarz the Skirmisher (Palentonga Fighter)           Turns: 58, Time: 00:00:59

Health: 0/19       AC:  6    Str: 19    XL:     1   Next: 41%
Magic:  1/1        EV:  5    Int:  8    God:
Gold:   0          SH:  8    Dex:  9    Spells: 0/0 levels left

rFire    . . .     SeeInvis +   a - +0 trident
rCold    . . .     Faith    .   c - +0 kite shield
rNeg     . . .     Spirit   .   b - +0 scale mail
rPois    .         Reflect  .   (no helmet)
rElec    .         Harm     .   (no cloak)
rCorr    .         Rampage  .   (no gloves)
Will     .....                  (no barding)
Stlth    ..........             (no amulet)
HPRegen  0.06/turn              (no ring)
MPRegen  0.07/turn              (no ring)

@: no status effects
A: large, rugged brown scales 3, see invisible, deformed body, roll 1, armoured
tail
a: Rolling Charge


You were on level 1 of the Dungeon.
You visited 1 branch of the dungeon, and saw 1 of its levels.

Inventory:

Hand Weapons
 a - a +0 trident (weapon)
Armour
 b - a +0 scale mail (worn)
 c - a +0 kite shield (worn)
Potions
 d - a potion of might


   Skills:
 + Level 3.0 Fighting
 + Level 1.8 Polearms
 + Level 2.4 Armour
 + Level 2.4 Shields


You couldn't memorise any spells.
You didn't know any spells.
Your spell library was empty.

Dungeon Overview and Level Annotations

Branches:
Dungeon (1/15)

Altars:


Innate Abilities, Weirdness & Mutations

You are completely covered in rugged brown scales. (AC +3, +7% HP)
You have supernaturally acute eyesight. (SInv)
Armour fits poorly on your strangely shaped body.
You can roll at nearby foes to attack.
You have a long armoured tail.


Message History

You barely miss the jackal. You block the jackal's attack.
The jackal bites you but does no damage. x2
The jackal bites you.
You barely miss the jackal. You block the jackal's attack.
The jackal barely misses you. You block the jackal's attack.
The jackal bites you but does no damage.
You closely miss the jackal.
The jackal bites you but does no damage. x2
You block the jackal's attack.
The jackal bites you but does no damage. x2
You hit the jackal.
The jackal is almost dead.
You block the jackal's attack.
The jackal bites you but does no damage.
You block the jackal's attack.
The jackal bites you but does no damage.
You puncture the jackal!
You kill the jackal!
The jackal bites you but does no damage.
The ball python bites you. You block the jackal's attack.
Your shield prevents you from hitting the ball python.
The jackal bites you but does no damage.
The ball python bites you but does no damage.
The jackal bites you.
* * * LOW HITPOINT WARNING * * *
The ball python bites you but does no damage.
You hit the ball python.
You kill the ball python!
The jackal bites you.
* * * LOW HITPOINT WARNING * * *
You block the jackal's attack.
You barely miss the jackal. You block the jackal's attack.
A rat comes into view.
The jackal bites you but does no damage.
Your scale mail prevents you from hitting the jackal.
Your tail-slap misses the jackal.
The jackal barely misses you.
The jackal bites you but does no damage.
Your shield and scale mail prevent you from hitting the jackal.
The jackal barely misses you. The jackal bites you.
You die...

#.≈≈§§≈.# #.≈≈>≈≈.# #...#
#.≈≈?≈≈.# #...# #.≈≈≈≈≈.#
#...# #..§§≈..# #...#
##.......## #...#
###.........### #...#
#.............#
...####...###@............#
............†h#####.####..####
....?.........................
...#########.######.#.##......
. #.# #.#.##...... #.#
#.#.######## #.# #.#.# #.#
#.#.# #.# #.#.#


You could see a jackal.

Vanquished Creatures
  An endoplasm (D:1)
  A jackal (D:1)
  A ball python (D:1)
3 creatures vanquished.

Notes
Turn   | Place    | Note
-------+----------+-------------------------------------------
     0 | D:1      | Grabarz the Palentonga Fighter began the quest for the Orb.
     0 | D:1      | Reached XP level 1. HP: 19/19 MP: 1/1
    58 | D:1      | Slain by a jackal

Illustrated notes

Levels and vault maps discovered:
D:1:      lemuel_arrival_lava_pool, layout_basic, kennysheep_small_spiral

Action                   || total
-------------------------++-------
Melee: Trident           ||    17
Armor: Scale mail        ||    19
Dodge: Dodged            ||     5
Block: Kite shield       ||    14
